[Event "Late-Titled-Tuesday-Blitz-June-04-2024"]
[Site "Chess.com"]
[Date "2024.06.04"]
[Round "2"]
[White "Niteshch"]
[Black "Mackster23"]
[Result "1/2-1/2"]
[WhiteElo "2348"]
[BlackElo "2667"]
[TimeControl "180+1"]
[EndTime "14:20:14 PDT"]
[Termination "Game drawn by 50-move rule"]

1. e4 c5 2. Nf3 d6 3. d4 cxd4 4. Nxd4 Nf6 5. f3 e5 6. Nb3 d5 7. Bg5 Be6 8. Bxf6 gxf6 9. exd5 Qxd5 10. Qxd5 Bxd5 11. c4 Be6 12. Nc3 Nc6 13. Rd1 Bb4 14. Be2 Rg8 15. O-O Bxc3 16. bxc3 Rc8 17. Nc5 b6 18.
Nxe6 fxe6 19. c5 bxc5 20. Ba6 Rc7 21. Rd6 Ke7 22. Rxe6+ Kxe6 23. Bc4+ Kf5 24. Bxg8 Rd7 25. Rb1 Kf4 26. Re1 h5 27. h4 Kg3 28. Kf1 Rd2 29.
Re4 Rxg2 30. Bf7 Rf2+ 31. Ke1 Rxf3 32. Rc4 Ne7 33. Bxh5 Rd3 34. Rxc5 Kxh4 35. Be2 Rd7 36. Bb5 Rb7 37. a4 Kg5 38. Ke2 Kf5 39. c4 Ke6 40. Bc6 Rc7 41. Bd5+ Nxd5 42. cxd5+ Kd6 43. Ra5 f5 44. Ke3 Rb7 45. Ke2 e4 46. Ke3 Ke5 47. d6+ Ke6 48. Kf4 Rd7 49. Re5+ Kxd6 50. Rxf5 Re7 51.
Ke3 Kc6 52. Rh5 Kb6 53. a5+ Ka6 54. Rg5 Re6 55. Rh5 Kb7 56. Rg5 Kc6 57. Rh5 Kd6 58. Rg5 Re5 59. Rg6+ Kc5 60. Ra6 Re7 61. Rh6 Kb5 62.
a6 Kc5 63. Rh5+ Kb6 64. Rh6+ Kc5 65. Rh5+ Kd6 66. Rh6+ Kd5 67. Rh5+ Re5 68. Rh7 Kc6 69. Rxa7 Kb6 70. Rh7 Kxa6 71. Rh4 Rb5 72. Rxe4 Rb3+ 73.
Kf4 Rb5 74. Re6+ Kb7 75. Re5 Rb4+ 76. Kf5 Rb1 77. Re7+ Kc6 78. Re4 Kd7 79. Rf4 Kd6 80. Rd4+ Kc5 81. Re4 Rf1+ 82. Rf4 Ra1 83. Re4 Kd5 84.
Rf4 Kd6 85. Rd4+ Ke7 86. Re4+ Kf7 87. Kf4 Rf1+ 88. Ke3 Rh1 89. Kd4 Rh3 90. Rf4+ Ke6 91. Re4+ Kd6 92. Rf4 Ra3 93. Rf6+ Ke7 94. Rb6 Ra1 95. Ke5 Re1+ 96. Kf5 Kd7 97. Rb7+ Kc6 98. Rf7 Rf1+ 99. Kg6 Rg1+ 100. Kf6 Kd6 101. Rh7 Rf1+ 102. Kg5 Ke6 103. Rh8 Rg1+ 104. Kf4 Rf1+ 105. Ke3 Ra1 106. Rh6+ Kf5 107. Rh5+ Kg6 108. Rb5 Kf6 109. Kd4 Ke6 110. Rb6+ Kd7 111. Rh6 Kc7 112. Rh7+ Kd6 113. Rh6+ Kd7 114. Rh7+ Ke6 115. Rh6+ Kf5 116. Rh5+ Kg6 117. Rb5 Rd1+ 118. Kc3 Rf1 119. Rb6+ Kf7 120. Rb7+ Ke6 121. Rb6+ Kd5 122. Rb5+ 1/2-1/2

[Event "Late-Titled-Tuesday-Blitz-June-04-2024"]
[Site "Chess.com"]
[Date "2024.06.04"]
[Round "2"]
[White "PotapovaM"]
[Black "Yaacovn"]
[Result "0-1"]
[WhiteElo "2536"]
[BlackElo "2797"]
[TimeControl "180+1"]
[EndTime "14:20:17 PDT"]
[Termination "Yaacovn won by checkmate"]

1. e4 c6 2. d4 d5 3. exd5 cxd5 4. Bd3 Nf6 5. c3 Nc6 6. Bf4 Bg4 7.
Qb3 Qd7 8. Nd2 e6 9. Ngf3 Bd6 10. Bxd6 Qxd6 11. O-O O-O 12. Rae1 Rab8 13. Ne5 b5 14. Qc2 Bh5 15. f4 Rfc8 16. Nxc6 Qxc6 17. a3 a5 18. f5 exf5 19. Bxf5 Bg6 20. Nf3 Re8 21. Ne5 Qd6 22.
h3 b4 23. axb4 axb4 24. Qa4 bxc3 25. bxc3 Ra8 26. Qb5 Rab8 27. Qa4 Qc7 28. Nc6 Ra8 29. Rxe8+ Rxe8 30. Ne5 Rf8 31. Qa3 Qb6 32. Kh2 Bxf5 33.
Rxf5 Qe6 34. Rf3 Ne4 35. Qa7 f6 36. Ng4 h5 37. Ne3 Nxc3 38. Nf5 Qf7 39. Qxf7+ Rxf7 40. Rxc3 Kh7 41. Ne3 Rd7 42. Rc5 Kg6 43. Rxd5 Re7 44. Nf5 Re2 45. Nh4+ Kh6 46. Nf3 g5 47. Kg3 h4+ 48. Kh2 Kg6 49. Rd6 Re3 50. d5 Kf5 51. Rd8 Rd3 52. d6 Ke6 53. Re8+ Kd7 54. Rf8 Rxd6 55. Kg1 Ke7 56. Ra8 Rd1+ 57. Kf2 Kf7 58. Ra5 Rb1 59. Ke2 Rb2+ 60. Nd2 Kg6 61. Ra6 Rb4 62.
Ke3 Kf5 63. Ra5+ Kg6 64. Ne4 Rb6 65. Ra4 Re6 66. Kf3 Rb6 67. Nd2 Rd6 68. Nc4 Rd3+ 69. Ne3 Rb3 70. Ke2 Rb2+ 71. Kf3 Rb3 72. Ra6 Rc3 73. Rb6 Ra3 74. Rd6 Rb3 75. Kf2 Rb2+ 76. Kg1 Rb8 77. Ng4 Rf8 78. Kf2 Kg7 79. Kf3 f5 80.
Ne5 Rf6 81. Rd7+ Kh6 82. Nd3 Ra6 83. Rd5 Ra3 84. Kf2 Ra2+ 85. Kg1 Rd2 86. Nb4 Rb2 87. Nc6 f4 88. Kh2 f3 89. Kh1 Rxg2 90. Ne5 Rg3 91. Ng4+ Kg6 92. Rd6+ Kf5 93. Rf6+ Ke4 94. Nf2+ Ke3 95.
Ng4+ Ke2 96. Re6+ Kd2 97. Rf6 Rxh3+ 98. Nh2 Ke2 99. Re6+ Kf2 100. Ra6 Kg3 101. Ra3 Kf4 102. Ra4+ Kg3 103. Ra3 Rxh2+ 104. Kg1 Rg2+ 105. Kf1 Rb2 106. Kg1 Rb1# 0-1

[Event "Late-Titled-Tuesday-Blitz-June-04-2024"]
[Site "Chess.com"]
[Date "2024.06.04"]
[Round "3"]
[White "Heliosis11"]
[Black "SoCalJuniorChess"]
[Result "1-0"]
[WhiteElo "2408"]
[BlackElo "2195"]
[TimeControl "180+1"]
[EndTime "14:22:20 PDT"]
[Termination "Heliosis11 won by resignation"]

1. Nf3 Nf6 2. g3 c5 3. Bg2 d5 4.
O-O Nc6 5. d4 cxd4 6. Nxd4 e5 7.
Nxc6 bxc6 8. c4 Be6 9. cxd5 cxd5 10. Nc3 Rb8 11. Qa4+ Qd7 12. Qxd7+ Kxd7 13. Rd1 d4 14. e3 Bc5 15. exd4 Bxd4 16. Ne2 Rb4 17. Be3 Rxb2 18. Nxd4 exd4 19. Bxd4 1-0

[Event "Late-Titled-Tuesday-Blitz-June-04-2024"]
[Site "Chess.com"]
[Date "2024.06.04"]
[Round "3"]
[White "Cambek64"]
[Black "Fore_Man"]
[Result "1-0"]
[WhiteElo "2529"]
[BlackElo "2225"]
[TimeControl "180+1"]
[EndTime "14:22:40 PDT"]
[Termination "Cambek64 won by checkmate"]

1. e4 Nc6 2. Nc3 Nf6 3. Nf3 d5 4. exd5 Nxd5 5. Bb5 Nxc3 6. bxc3 Bd7 7. O-O e6 8. d4 Bd6 9. Bd3 Qe7 10. Rb1 O-O-O 11. Qe2 h6 12. Ba6 Na5 13. Bxb7+ Nxb7 14. Qa6 Be8 15.
Rxb7 Kd7 16. Qb5+ Kc8 17. Rb8# 1-0

[Event "Late-Titled-Tuesday-Blitz-June-04-2024"]
[Site "Chess.com"]
[Date "2024.06.04"]
[Round "3"]
[White "Charodej1"]
[Black "bipe137"]
[Result "1-0"]
[WhiteElo "2484"]
[BlackElo "2664"]
[TimeControl "180+1"]
[EndTime "14:23:33 PDT"]
[Termination "Charodej1 won by resignation"]

1. e4 c5 2. Nf3 e6 3. d4 cxd4 4. Nxd4 Nc6 5. Nb5 Nf6 6. N1c3 d6 7. Bf4 e5 8. Bg5 a6 9. Na3 Be6 10. Nc4 Rb8 11. Ne3 Be7 12. Bxf6 Bxf6 13. Ncd5 Bg5 14. c3 Ne7 15. Bc4 Bxe3 16. Nxe3 Rc8 17. Bb3 O-O 18. O-O Rc5 19. Qd2 d5 20. exd5 Nxd5 21. Rfd1 1-0

[Event "Late-Titled-Tuesday-Blitz-June-04-2024"]
[Site "Chess.com"]
[Date "2024.06.04"]
[Round "3"]
[White "pinelone"]
[Black "luca_va99"]
[Result "1-0"]
[WhiteElo "2406"]
[BlackElo "2175"]
[TimeControl "180+1"]
[EndTime "14:23:36 PDT"]
[Termination "pinelone won by resignation"]

1. Nf3 Nf6 2. c4 e6 3. b3 d5 4. Bb2 Be7 5. g3 O-O 6. Bg2 a5 7. Nc3 d4 8. Na4 c5 9. Ne5 Nbd7 10. Nxd7 Bxd7 11. O-O Bxa4 12. bxa4 Qd7 13. Rb1 Rab8 14. d3 b6 15. Bc1 Ne8 16. Bf4 f6 17. Bxb8 Qd8 18.
Bf4 e5 19. Bd2 Nc7 20. Qb3 1-0

[Event "Late-Titled-Tuesday-Blitz-June-04-2024"]
[Site "Chess.com"]
[Date "2024.06.04"]
[Round "3"]
[White "ritanovikova"]
[Black "Pelusiansky"]
[Result "0-1"]
[WhiteElo "2146"]
[BlackElo "2388"]
[TimeControl "180+1"]
[EndTime "14:23:37 PDT"]
[Termination "Pelusiansky won by checkmate"]

1. e4 c6 2. d4 d5 3. Nd2 dxe4 4. Nxe4 Nf6 5. Nxf6+ exf6 6. Nf3 Bd6 7. Bd3 O-O 8.
O-O Re8 9. h3 Nd7 10. Be3 Nf8 11. c4 Ng6 12. Qd2 Be6 13. Kh1 Qd7 14. g4 Bxg4 15.
hxg4 Qxg4 16. Be2 Qh3+ 17. Kg1 Nh4 18. Bf4 Qg2# 0-1

[Event "Late-Titled-Tuesday-Blitz-June-04-2024"]
[Site "Chess.com"]
[Date "2024.06.04"]
[Round "3"]
[White "Mariia89"]
[Black "toninhojit"]
[Result "0-1"]
[WhiteElo "2241"]
[BlackElo "2495"]
[TimeControl "180+1"]
[EndTime "14:23:49 PDT"]
[Termination "toninhojit won by resignation"]

1. d4 Nf6 2. Nf3 c5 3. d5 e6 4. Nc3 d6 5. e4 exd5 6. exd5 Be7 7. Bc4 O-O 8. O-O Bf5 9. Bf4 a6 10. a4 h6 11. Re1 Re8 12. Qd2 Nbd7 13. h3 Bf8 14. Rxe8 Qxe8 15. Re1 Qd8 16. Re2 Qa5 17.
Qe1 Re8 18. Rxe8 Nxe8 19. Qxe8 Qb4 20. Bd3 Qxf4 21. Bxf5 Qxf5 22. Ne4 Nf6 23. Nxd6 Qxd5 24. Qxf7+ Qxf7 25. Nxf7 Kxf7 26. Ne5+ Ke6 27. Nc4 b5 28. axb5 axb5 29. Ne3 Nd5 0-1

[Event "Late-Titled-Tuesday-Blitz-June-04-2024"]
[Site "Chess.com"]
[Date "2024.06.04"]
[Round "3"]
[White "Laico"]
[Black "2L8IWUN"]
[Result "1-0"]
[WhiteElo "2410"]
[BlackElo "2199"]
[TimeControl "180+1"]
[EndTime "14:23:51 PDT"]
[Termination "Laico won by resignation"]

1. e4 e5 2. Nc3 Nf6 3. f4 d5 4. fxe5 Nxe4 5. Qf3 Nxc3 6. dxc3 Nc6 7. Bf4 Be7 8.
O-O-O Be6 9. Bc4 Bg5 10. Bxd5 Bxd5 11. Rxd5 Bxf4+ 12. Kb1 Qg5 13. Nh3 Qe7 14. Qxf4 O-O 15. Rhd1 Rfe8 16. Rd7 Qe6 17. Ng5 1-0

[Event "Late-Titled-Tuesday-Blitz-June-04-2024"]
[Site "Chess.com"]
[Date "2024.06.04"]
[Round "3"]
[White "meme0105"]
[Black "CDOEspiao"]
[Result "0-1"]
[WhiteElo "1603"]
[BlackElo "2521"]
[TimeControl "180+1"]
[EndTime "14:23:52 PDT"]
[Termination "CDOEspiao won by resignation"]

1. e4 c5 2. b4 b6 3. bxc5 bxc5 4. Bb2 e6 5. Nf3 Nf6 6. e5 Nd5 7. c4 Nb6 8. d4 cxd4 9. Nxd4 Bb4+ 10. Bc3 Qe7 11. Be2 Bb7 12. O-O O-O 13. Qb3 Na6 14. Nb5 Rfc8 15. a3 Bxc3 16. N1xc3 Nc5 17. Qc2 Qg5 18. f3 Qxe5 19. Rfe1 a6 20. Bd3 Qf4 21. Ne2 Qe3+ 22. Kh1 Nxd3 23. Nd6 Bxf3 24. Ng3 Nxe1 0-1

[Event "Late-Titled-Tuesday-Blitz-June-04-2024"]
[Site "Chess.com"]
[Date "2024.06.04"]
[Round "3"]
[White "ChempionBg"]
[Black "korkmaz16"]
[Result "1-0"]
[WhiteElo "2245"]
[BlackElo "2447"]
[TimeControl "180+1"]
[EndTime "14:23:52 PDT"]
[Termination "ChempionBg won by resignation"]

1. d4 d5 2. c4 c6 3. Nf3 Nf6 4. g3 g6 5. Bg2 Bg7 6. O-O O-O 7. Ne5 Ng4 8. cxd5 cxd5 9. Bf4 Nc6 10. Nxc6 bxc6 11.
Nc3 e5 12. dxe5 Nxe5 13. e4 Ba6 14. Bxe5 Bxe5 15. Re1 d4 16. Na4 d3 17. Rc1 Bb5 18.
Rc5 Bd4 19. Rxb5 cxb5 20. Nc3 a6 21. Rf1 Rc8 22. Nd5 Bxb2 23. Qxd3 Bg7 24. Qa3 Qd6 25. Qxd6 1-0

[Event "Late-Titled-Tuesday-Blitz-June-04-2024"]
[Site "Chess.com"]
[Date "2024.06.04"]
[Round "3"]
[White "i_like_explosions"]
[Black "CrushingKings"]
[Result "0-1"]
[WhiteElo "2429"]
[BlackElo "2616"]
[TimeControl "180+1"]
[EndTime "14:23:57 PDT"]
[Termination "CrushingKings won by resignation"]

1. d3 g6 2. d4 Bg7 3. Nf3 c6 4. c4 d5 5. cxd5 cxd5 6. Nc3 Nc6 7. g3 Bg4 8. Bg2 Bxf3 9. Bxf3 e6 10. e3 Nge7 11. O-O O-O 12. Rb1 Rc8 13. Bd2 Na5 14. b3 a6 15. Qe2 b5 16. Rfc1 Qb6 17. Nd1 Nb7 18. Nb2 Nc6 19. Nd3 Nd6 20. Nc5 Rfd8 21. a4 Bxd4 22. Nxe6 fxe6 23. exd4 Nxd4 24. Qe3 N6f5 25.
Qf4 e5 26. Qg4 h5 0-1

[Event "Late-Titled-Tuesday-Blitz-June-04-2024"]
[Site "Chess.com"]
[Date "2024.06.04"]
[Round "3"]
[White "drdaro"]
[Black "CixPer1968"]
[Result "1-0"]
[WhiteElo "2385"]
[BlackElo "2138"]
[TimeControl "180+1"]
[EndTime "14:24:03 PDT"]
[Termination "drdaro won by resignation"]

1. Nf3 d5 2. g3 Nf6 3. Bg2 Qd7 4. O-O Nc6 5. d4 g6 6. c4 Bg7 7. Nc3 e6 8. cxd5 exd5 9. Ne5 Qd8 10. Nxc6 bxc6 11.
e4 O-O 12. e5 Ne8 13. f4 h5 14.
b3 Bg4 15. Qd2 Qd7 16. Ba3 Rb8 17. Na4 Qf5 18. Rac1 Bh3 19. Rxc6 Bxg2 20. Kxg2 h4 21. Bxf8 Bxf8 22. Qc2 Qg4 23. Nc5 hxg3 24. hxg3 g5 25. Rh1 f5 26. exf6 1-0

[Event "Late-Titled-Tuesday-Blitz-June-04-2024"]
[Site "Chess.com"]
[Date "2024.06.04"]
[Round "3"]
[White "sergeikim"]
[Black "Kielinkei"]
[Result "0-1"]
[WhiteElo "2604"]
[BlackElo "2446"]
[TimeControl "180+1"]
[EndTime "14:24:04 PDT"]
[Termination "Kielinkei won by resignation"]

1. d4 Nf6 2. c4 e6 3. Nc3 Bb4 4. Qc2 O-O 5. a3 Bxc3+ 6. Qxc3 d5 7. Nf3 dxc4 8. Qxc4 b6 9. Bf4 c5 10. dxc5 Ba6 11.
Qa4 bxc5 12. Bxb8 Qxb8 13. Qc2 Qb6 14. g3 Rab8 15. Rb1 Rfd8 16. Bg2 Qb5 17. O-O Qxe2 18. Qxc5 Rxb2 19. Qxa7 Rxb1 20. Rxb1 Rd1+ 0-1

[Event "Late-Titled-Tuesday-Blitz-June-04-2024"]
[Site "Chess.com"]
[Date "2024.06.04"]
[Round "3"]
[White "Polish_fighter3000"]
[Black "GMTalks_Youtube"]
[Result "1-0"]
[WhiteElo "3075"]
[BlackElo "2751"]
[TimeControl "180+1"]
[EndTime "14:24:07 PDT"]
[Termination "Polish_fighter3000 won by resignation"]

1. e4 e5 2. Nf3 Nc6 3. Bb5 a6 4. Ba4 d6 5. c3 Bd7 6. O-O Nge7 7. d4 Ng6 8. Re1 Be7 9. Nbd2 h6 10.
Nf1 Bg5 11. Ne3 Bxe3 12. Bxe3 O-O 13. h3 Qe7 14. Bc2 Nd8 15. Kh2 Ne6 16. g3 Rad8 17.
d5 Ng5 18. Nxg5 hxg5 19. Qh5 1-0

[Event "Late-Titled-Tuesday-Blitz-June-04-2024"]
[Site "Chess.com"]
[Date "2024.06.04"]
[Round "3"]
[White "Likvidator228"]
[Black "mostafa_sakha"]
[Result "1-0"]
[WhiteElo "2585"]
[BlackElo "2408"]
[TimeControl "180+1"]
[EndTime "14:24:24 PDT"]
[Termination "Likvidator228 won by resignation"]

1. d4 Nf6 2. Nf3 d5 3. g3 Bf5 4. Bg2 c6 5. O-O h6 6. c4 e6 7. Nc3 Nbd7 8. Nd2 Be7 9. e4 dxe4 10. Ndxe4 Nxe4 11. Nxe4 O-O 12. Be3 Nf6 13. Nc3 Qa5 14.
Qb3 Qa6 15. Rfd1 Rad8 16. h3 Rd7 17. Rd2 Rfd8 18. Rad1 Qa5 19. a3 a6 20. d5 cxd5 21. Bb6 dxc4 22. Bxa5 cxb3 23. Bxd8 1-0

[Event "Late-Titled-Tuesday-Blitz-June-04-2024"]
[Site "Chess.com"]
[Date "2024.06.04"]
[Round "3"]
[White "Arash_Tahbaz"]
[Black "jlf287"]
[Result "1-0"]
[WhiteElo "2828"]
[BlackElo "2507"]
[TimeControl "180+1"]
[EndTime "14:24:32 PDT"]
[Termination "Arash_Tahbaz won by resignation"]

1. Nf3 Nf6 2. g3 b6 3. Bg2 Bb7 4. O-O g6 5. d3 Bg7 6. e4 d6 7. Nfd2 c5 8. e5 Bxg2 9. exf6 Bxf1 10. fxg7 Rg8 11. Nxf1 Nc6 12. Bh6 Qd7 13. Kg2 O-O-O 14. c3 e5 15. c4 Nd4 16. Nc3 Nf5 17. Bg5 Rde8 18. Nd5 h6 19. Bf6 g5 20. Nfe3 Nd4 21. Qh5 Nf5 22. Qh3 Nxg7 23. Qxd7+ Kxd7 24. Bxg7 Rxg7 25. Nf6+ Ke7 26. Nxe8 Kxe8 27. Nf5 Rg6 28. g4 Kd7 29. Kf3 Re6 30. Ke4 Kc6 31. a4 a5 32. Rh1 1-0

[Event "Late-Titled-Tuesday-Blitz-June-04-2024"]
[Site "Chess.com"]
[Date "2024.06.04"]
[Round "3"]
[White "scrambleyourbrain"]
[Black "ChessLebaneseSalah"]
[Result "0-1"]
[WhiteElo "2386"]
[BlackElo "2577"]
[TimeControl "180+1"]
[EndTime "14:24:32 PDT"]
[Termination "ChessLebaneseSalah won by resignation"]

1. e4 c5 2. Nf3 d6 3. d4 cxd4 4. Nxd4 Nf6 5. Nc3 Nc6 6. f3 e5 7. Nb3 Be6 8. Be3 d5 9. exd5 Nxd5 10. Nxd5 Qxd5 11. Qxd5 Bxd5 12. O-O-O Be6 13. Bb5 Be7 14. Na5 O-O 15. Bxc6 bxc6 16. Nxc6 Rfe8 17. Nxe7+ Rxe7 18. b3 Rc7 19. Rd2 f6 20. Kb2 a5 21. c4 a4 22.
Rhd1 Kf7 23. Rd6 axb3 24. axb3 Rb8 25. Kc3 Rcb7 26. Rb1 Rc8 27. c5 Ke7 28. b4 Ra8 29. Bc1 Rc8 30. Ba3 Rxc5+ 31. bxc5 Rxb1 32. c6 Rb3+ 33. Kc2 Rxa3 0-1

[Event "Late-Titled-Tuesday-Blitz-June-04-2024"]
[Site "Chess.com"]
[Date "2024.06.04"]
[Round "3"]
[White "NMJeevanK"]
[Black "MITerryble"]
[Result "0-1"]
[WhiteElo "2731"]
[BlackElo "3034"]
[TimeControl "180+1"]
[EndTime "14:24:39 PDT"]
[Termination "MITerryble won by resignation"]

1. e4 e6 2. d4 d5 3. exd5 exd5 4. Nf3 Nc6 5. h3 Bd6 6. Bd3 Nb4 7. O-O Nxd3 8.
Qxd3 Ne7 9. Re1 O-O 10. c3 Bf5 11. Qe2 Ng6 12. Bg5 f6 13. Be3 Qd7 14. Nbd2 Rfe8 15. Nf1 c6 16. Qd2 Bxh3 17. gxh3 Qxh3 18. N1h2 Nh4 19. Nxh4 Bxh2+ 20. Kh1 Bg3+ 21. Kg1 Bxh4 22. Bf4 Qf3 23. Re3 Rxe3 24. Qxe3 Qxe3 25. Bxe3 Re8 26. Kg2 Bg5 27. Kf3 Bxe3 28. Re1 Kf7 29. fxe3 h5 30. b3 g5 31. c4 g4+ 32. Kf4 Kg6 33. e4 Rxe4+ 34.
Rxe4 dxe4 35. d5 cxd5 36. cxd5 e3 37. d6 e2 0-1

[Event "Late-Titled-Tuesday-Blitz-June-04-2024"]
[Site "Chess.com"]
[Date "2024.06.04"]
[Round "3"]
[White "Bilan_Danila"]
[Black "norwaytoadog"]
[Result "1-0"]
[WhiteElo "2555"]
[BlackElo "2330"]
[TimeControl "180+1"]
[EndTime "14:24:48 PDT"]
[Termination "Bilan_Danila won by resignation"]

1. d4 d5 2. Nf3 Nf6 3. c4 e6 4.
Nc3 a6 5. cxd5 exd5 6. Bg5 Be6 7. e3 Nbd7 8. Bd3 Bd6 9. Qc2 h6 10. Bh4 c6 11. O-O O-O 12. Na4 Qc7 13. Nc5 Bg4 14.
Bg3 Bxg3 15. hxg3 Rfe8 16. b4 Nf8 17. Ne5 Bc8 18. a4 N8d7 19. Nexd7 Bxd7 20. b5 axb5 21. axb5 Rxa1 22. Rxa1 cxb5 23. Nxd7 Qxd7 24. Qb3 Rc8 25. Qxb5 Qxb5 26. Bxb5 Rc2 27. Ra8+ Kh7 28. Bd3+ 1-0

[Event "Late-Titled-Tuesday-Blitz-June-04-2024"]
[Site "Chess.com"]
[Date "2024.06.04"]
[Round "3"]
[White "BillCoe"]
[Black "Tol_Tol"]
[Result "0-1"]
[WhiteElo "2109"]
[BlackElo "2372"]
[TimeControl "180+1"]
[EndTime "14:24:50 PDT"]
[Termination "Tol_Tol won by resignation"]

1. e4 c5 2. Nf3 Nc6 3. Bb5 e6 4. O-O Nge7 5. Re1 a6 6. Bf1 Ng6 7. c3 b5 8. d4 cxd4 9. cxd4 Be7 10. Nc3 O-O 11. Ne2 f5 12. exf5 Rxf5 13. Ng3 Rf8 14. Bd3 Bb7 15. Be3 Qe8 16. Rc1 Nb4 17. Be2 Nd5 18.
Qd2 Ngf4 19. a3 Bd6 20. Ne4 Nxe2+ 21. Qxe2 Nf4 22. Qd2 Bxe4 23. Bxf4 Bxf4 0-1

[Event "Late-Titled-Tuesday-Blitz-June-04-2024"]
[Site "Chess.com"]
[Date "2024.06.04"]
[Round "3"]
[White "Ramosha"]
[Black "Jahonas"]
[Result "1-0"]
[WhiteElo "2634"]
[BlackElo "2446"]
[TimeControl "180+1"]
[EndTime "14:24:54 PDT"]
[Termination "Ramosha won by resignation"]

1. e4 c5 2. Nf3 d6 3. Bb5+ Bd7 4. Bxd7+ Qxd7 5. c4 Nc6 6. Nc3 g6 7. d4 cxd4 8. Nxd4 Bg7 9. Be3 Nf6 10. f3 h5 11. O-O O-O 12. b3 Rfe8 13. Rc1 Rac8 14.
Qd3 Nxd4 15. Bxd4 e6 16. Rfd1 a6 17. a4 Rc6 18. Ne2 Qe7 19. b4 Rec8 20. b5 axb5 21.
axb5 R6c7 22. Bxf6 Bxf6 23. Qxd6 Qxd6 24. Rxd6 Rxc4 25.
Rxc4 Rxc4 26. Rd7 Rc2 27. Kf1 b6 28. Rb7 Rb2 29. Rxb6 Be7 30. Rb7 Bc5 31. Nf4 Rf2+ 32. Ke1 Rb2 33. Nd3 Rb1+ 34. Kd2 Bd4 35. h3 Rg1 36. g4 h4 37. Rd7 e5 38. Kc2 Rg3 39. Rxd4 exd4 40. b6 Rg2+ 41. Kb3 Rg1 42. b7 1-0

[Event "Late-Titled-Tuesday-Blitz-June-04-2024"]
[Site "Chess.com"]
[Date "2024.06.04"]
[Round "3"]
[White "zenitushka"]
[Black "ahkashefi2800"]
[Result "0-1"]
[WhiteElo "2365"]
[BlackElo "2570"]
[TimeControl "180+1"]
[EndTime "14:25:02 PDT"]
[Termination "ahkashefi2800 won by resignation"]

1. e4 c6 2. d4 d5 3. Nc3 dxe4 4. f3 exf3 5. Nxf3 Nf6 6. Bc4 Bf5 7. O-O e6 8. Ng5 Bg6 9. Bxe6 fxe6 10. Nxe6 Qd7 11.
Bg5 Qxe6 12. Bxf6 Kd7 13. Bh4 Bd6 14. Qd2 Na6 15. Rae1 Qg4 16. Bg3 Bxg3 17. hxg3 Rae8 18. d5 c5 19. d6 Qd4+ 0-1

[Event "Late-Titled-Tuesday-Blitz-June-04-2024"]
[Site "Chess.com"]
[Date "2024.06.04"]
[Round "3"]
[White "isla88"]
[Black "JaackCamel"]
[Result "1-0"]
[WhiteElo "2453"]
[BlackElo "2219"]
[TimeControl "180+1"]
[EndTime "14:25:02 PDT"]
[Termination "isla88 won on time"]

1. Nf3 d5 2. b3 Nf6 3. Bb2 g6 4. e3 Bg7 5. d4 O-O 6. c4 c6 7.
Nc3 Bg4 8. Be2 e6 9. Qc2 a6 10.
a4 Nbd7 11. a5 Rc8 12. Ba3 Re8 13. O-O Bxf3 14. Bxf3 e5 15. dxe5 Nxe5 16. Be2 dxc4 17. bxc4 Qxa5 18. Bd6 Qb6 19. Rab1 Qa7 20. c5 Nfd7 21. Na4 Re6 22. f4 Rxd6 23. cxd6 Qxe3+ 24. Kh1 1-0

[Event "Late-Titled-Tuesday-Blitz-June-04-2024"]
[Site "Chess.com"]
[Date "2024.06.04"]
[Round "3"]
[White "Oleksandr_Bortnyk"]
[Black "lamomiajunior"]
[Result "1-0"]
[WhiteElo "3035"]
[BlackElo "2732"]
[TimeControl "180+1"]
[EndTime "14:25:10 PDT"]
[Termination "Oleksandr_Bortnyk won by resignation"]

1. e4 e5 2. Nf3 Nc6 3. Bb5 a6 4. Ba4 Nf6 5. Nc3 d6 6. d4 exd4 7. Bxc6+ bxc6 8. Nxd4 Bd7 9. Bg5 Be7 10. O-O O-O 11.
Re1 Re8 12. h3 c5 13. Nf3 Be6 14. e5 Nd7 15. Bxe7 Qxe7 16. exd6 cxd6 17. Qd2 Nf6 18. Rad1 Rad8 19. Ng5 h6 20. Nxe6 fxe6 21. Qe2 Qb7 22. b3 Kh8 23. Rd3 d5 24. Na4 Qc6 25. Qe5 Nd7 26. Qc3 e5 27. Rg3 Re7 28. Rd1 Rde8 29. Qd3 d4 30. Qc4 e4 31. Rxd4 Ne5 32. Qxc5 Qf6 33.
Rxe4 Rd7 34. Kh2 Qf5 35. Rge3 Rde7 36. f4 1-0

[Event "Late-Titled-Tuesday-Blitz-June-04-2024"]
[Site "Chess.com"]
[Date "2024.06.04"]
[Round "3"]
[White "almaguerjm"]
[Black "KNVB"]
[Result "0-1"]
[WhiteElo "2494"]
[BlackElo "2770"]
[TimeControl "180+1"]
[EndTime "14:25:11 PDT"]
[Termination "KNVB won by resignation"]

1. e4 e5 2. Nf3 Nc6 3. Bc4 Nge7 4. O-O Ng6 5. c3 h6 6. d4 Qf6 7. Na3 Bxa3 8. bxa3 O-O 9. d5 Nb8 10. d6 cxd6 11. Bd5 Nc6 12. g3 Nge7 13. c4 b6 14. Kg2 Ba6 15. Re1 Rac8 16. h4 Na5 17. g4 Bxc4 18. g5 Qg6 19. Rh1 Nxd5 20. exd5 h5 21. Bd2 Qe4 22. Bxa5 bxa5 23. Rh3 Bxd5 24.
Kg1 Rc3 25. Qe1 Rxf3 0-1

[Event "Late-Titled-Tuesday-Blitz-June-04-2024"]
[Site "Chess.com"]
[Date "2024.06.04"]
[Round "3"]
[White "rhungaski"]
[Black "King_Deded4d5"]
[Result "1-0"]
[WhiteElo "2636"]
[BlackElo "2447"]
[TimeControl "180+1"]
[EndTime "14:25:11 PDT"]
[Termination "rhungaski won by resignation"]

1. d4 d5 2. c4 e6 3. Nf3 c6 4. e3 Nf6 5. Nc3 Nbd7 6. Bd3 dxc4 7. Bxc4 b5 8. Bb3 Bb7 9. O-O a6 10. e4 c5 11. e5 cxd4 12. Qxd4 Bc5 13. Qf4 Nd5 14.
Nxd5 Bxd5 15. Bxd5 exd5 16. Qg4 g6 17. Bh6 Nf8 18.
Bg7 Rg8 19. Bf6 Qd7 20. Qh4 h5 21. Rad1 Ne6 22. Ng5 Be7 23. Ne4 g5 24. Qxh5 O-O-O 25. Qxf7 1-0

[Event "Late-Titled-Tuesday-Blitz-June-04-2024"]
[Site "Chess.com"]
[Date "2024.06.04"]
[Round "3"]
[White "Emp3rador"]
[Black "Pig-filth"]
[Result "1-0"]
[WhiteElo "2628"]
[BlackElo "2307"]
[TimeControl "180+1"]
[EndTime "14:25:14 PDT"]
[Termination "Emp3rador won by resignation"]

1. e4 g6 2. d4 c6 3. Nc3 d6 4. h3 d5 5. e5 h5 6. Nge2 Nh6 7. Bg5 Nf5 8. Qd2 Nd7 9. O-O-O Nb6 10. Ng3 Nc4 11.
Bxc4 dxc4 12. d5 cxd5 13. Nxd5 Be6 14. Nxf5 Bxf5 15. Nf6+ exf6 16. Qxd8+ Rxd8 17. Rxd8+ Kxd8 18. Bxf6+ Kc7 19. Bxh8 Bc5 20. f3 h4 21. Rf1 Kd7 22. Kd2 Ke6 23. Bf6 b5 24. Bxh4 a5 25. g4 1-0

[Event "Late-Titled-Tuesday-Blitz-June-04-2024"]
[Site "Chess.com"]
[Date "2024.06.04"]
[Round "3"]
[White "jaskol95"]
[Black "Kacparov"]
[Result "0-1"]
[WhiteElo "2571"]
[BlackElo "2909"]
[TimeControl "180+1"]
[EndTime "14:25:17 PDT"]
[Termination "Kacparov won by resignation"]

1. d4 Nf6 2. Nc3 d5 3. Bf4 c6 4. e3 g6 5. Nf3 Bg7 6. h4 Bg4 7. Be2 Bxf3 8. Bxf3 h5 9. Qe2 Nbd7 10. O-O-O Qa5 11. Kb1 b5 12. Qd2 b4 13. Ne2 Qb6 14.
Nc1 a5 15. Rhe1 O-O 16. Rg1 Rfe8 17. g4 hxg4 18. Bxg4 e5 19. Bxd7 Nxd7 20. Bh2 exd4 21. exd4 Re4 22. h5 Qxd4 23. Qxd4 Rxd4 24. hxg6 Rxd1 25. gxf7+ Kxf7 26. Rxd1 Nc5 27. Nd3 Nxd3 28. Rxd3 Rh8 29. Bg1 Rh1 30. Rf3+ Bf6 31. Rg3 Be5 32. Rg2 Bh2 0-1

[Event "Late-Titled-Tuesday-Blitz-June-04-2024"]
[Site "Chess.com"]
[Date "2024.06.04"]
[Round "3"]
[White "jup1978"]
[Black "Faqade"]
[Result "0-1"]
[WhiteElo "2418"]
[BlackElo "2591"]
[TimeControl "180+1"]
[EndTime "14:25:17 PDT"]
[Termination "Faqade won by checkmate"]

1. e4 c5 2. Nf3 d6 3. Bb5+ Nc6 4.
O-O Nf6 5. Re1 Bd7 6. c3 a6 7.
Bf1 Bg4 8. d4 cxd4 9. cxd4 Bxf3 10. gxf3 e5 11. d5 Nd4 12. Na3 Be7 13. Nc2 Nxc2 14.
Qxc2 Nh5 15. Kh1 O-O 16. Qb3 Rb8 17. Be3 Bg5 18. Rac1 Bf4 19. Bg2 f5 20. Bxf4 Nxf4 21. Qe3 Qh4 22. Rg1 Rf6 23. Qa7 Qxh2+ 24. Kxh2 Rh6+ 25.
Kg3 Ne2# 0-1